 Dungeon Crawl Stone Soup version 0.20.0-15-g7f486f2 (webtiles) character file.

108 anfisbena the Charmwright (level 4, -5/33 HPs)
             Began as a Merfolk Skald on June 15, 2017.
             Killed by divine providence
             ... invoked by an orc priest
              (14 damage)
             ... on level 3 of the Dungeon.
             The game lasted 00:03:05 (2295 turns).

anfisbena the Charmwright (Merfolk Skald)           Turns: 2295, Time: 00:03:06

Health: -5/33      AC:  5    Str: 11    XL:     4   Next: 87%
Magic:  3/7        EV: 13    Int: 13    God:
Gold:   161        SH:  0    Dex: 13    Spells: 1/7 levels left

rFire    + . .     SeeInvis .   a - +0 spear
rCold    . . .     Gourm    .   (no shield)
rNeg     + . .     Faith    .   t - +2 robe {rN+}
rPois    .         Spirit   .   (no helmet)
rElec    .         Reflect  .   p - +0 cloak
rCorr    .         Harm     .   (no gloves)
MR       .....                  (no boots)
Stlth    +.........             (no amulet)
Regen    0.2/turn               q - ring of fire
MPRegen  0.1/turn               r - ring of protection from cold

@: shrouded (expiring)
A: change form in water, swift swim, stealthy swim
a: no special abilities


You were on level 3 of the Dungeon.
You were not hungry.

You visited 1 branch of the dungeon, and saw 3 of its levels.

You collected 161 gold pieces.

Inventory:

Hand Weapons
 a - a +0 spear (weapon)
Armour
 p - a +0 cloak (worn)
 t - a +2 robe of positive energy (worn)
Jewellery
 q - a ring of fire (left hand)
 r - a ring of protection from cold (right hand)
Scrolls
 b - a scroll of immolation {unknown}
 e - 3 scrolls of fear {unknown}
 g - a scroll of blinking {unknown}
 i - 2 scrolls of enchant weapon {unknown}
 k - a scroll of magic mapping {unknown}
 l - a scroll of remove curse {unknown}
 n - a scroll of amnesia {unknown}
 o - 3 scrolls of noise {unknown}
 s - a scroll of recharging {unknown}
 u - a scroll of identify {unknown}
Potions
 f - 2 potions of curing {unknown}
 j - a potion of magic {unknown}
 m - a potion of heal wounds {unknown}
Books
 c - a book of Battle

   Spells                             Type                      Level
   a - Infusion                       Charms                       1
   b - Shroud of Golubria             Charms/Translocation         2
   c - Song of Slaying                Charms                       2
   d - Spectral Weapon                Hexes/Charms                 3
   e - Regeneration                   Charms/Necromancy            3
Comestibles
 d - 2 bread rations
 h - a meat ration


   Skills:
 - Level 2.1 Fighting
 - Level 3.0 Polearms
 - Level 0.6 Armour
 - Level 2.6 Dodging
 - Level 2.0 Spellcasting
 + Level 2.5 Hexes
 - Level 4.0 Charms
 - Level 2.0 Translocations


You had one spell level left.
You knew the following spells:

 Your Spells              Type           Power        Failure   Level  Hunger
a - Infusion              Chrm           ##..         4%          1    ##.....
b - Shroud of Golubria    Chrm/Tloc      #.........   11%         2    ###....
c - Spectral Weapon       Hex/Chrm       #.......     21%         3    ####...


Dungeon Overview and Level Annotations

Branches:
Dungeon (3/15)

Altars:


Message History

You hit the orc priest.
The orc priest is severely wounded.
You closely miss the orc priest.
The orc priest is severely wounded.
Your shroud begins to fray at the edges.
Your shroud bends the orc priest's attack away.
You completely miss the orc priest.
The orc priest is severely wounded.
The orc priest misses you.
You barely miss the orc priest.
The orc priest is severely wounded.
The orc priest calls down the wrath of Beogh upon you.
Beogh smites you!
* * * LOW HITPOINT WARNING * * *
You closely miss the orc priest.
The orc priest is severely wounded.
You are no longer magically infusing your attacks.
The orc priest calls down the wrath of Beogh upon you.
Beogh smites you!
You die...

..# ... #.. ##.# #...
..# ########o####.#
.....?.....o....#
..#######@######
####.#######.#
............#
#######...######.######
.....#.....##...........
#........#.#...######
#..........#...#
#..........#...#
#..............).


You could see an orc priest and an orc.

Vanquished Creatures
  Jessica (D:2)
  An adder (D:2)
  An ooze (D:2)
  A worm (D:2)
  4 dart slugs
  2 leopard geckos
  A ball python (D:2)
  2 bats (D:2)
  4 giant cockroaches (D:2)
  10 hobgoblins
  3 jackals (D:2)
  A quokka (D:2)
  2 frilled lizards
  8 goblins
  4 kobolds
  7 rats
52 creatures vanquished.

Notes
Turn   | Place    | Note
-------+----------+-------------------------------------------
     0 | D:1      | anfisbena the Merfolk Skald began the quest for the Orb.
     0 | D:1      | Reached XP level 1. HP: 16/16 MP: 3/3
   309 | D:1      | Reached XP level 2. HP: 22/22 MP: 5/5
   401 | D:1      | Reached skill level 4 in Charms
   405 | D:1      | Learned a level 2 spell: Shroud of Golubria
   758 | D:2      | Reached skill level 1 in Translocations
   786 | D:2      | Reached XP level 3. HP: 15/27 MP: 2/6
  1203 | D:2      | Learned a level 3 spell: Spectral Weapon
  1624 | D:2      | Reached XP level 4. HP: 33/33 MP: 7/7
  1625 | D:2      | Noticed Jessica
  1630 | D:2      | Killed Jessica
  1630 | D:2      | Reached skill level 1 in Hexes
  2295 | D:3      | Killed from afar by an orc priest

Skill      XL: |  1  2  3  4 |
---------------+-------------+-----
Charms         | 4 |  4.0
Translocations | 1 2 |  2.0
Hexes          | 2 |  2.5
Fighting       | |  2.1
Polearms       | |  3.0
Armour         | |  0.6
Dodging        | |  2.6
Spellcasting   | |  2.0

Action                   |  1- 3 |  4- 6 || total
-------------------------+-------+-------++-------
Melee: Spear             |   135 |    72 ||   207
 Cast: Infusion          |     3 |     2 ||     5
       Shroud of Golubri |       |     1 ||     1
 Stab: Sleeping          |     3 |       ||     3
  Eat: Chunk             |     2 |     3 ||     5
Armor: Leather armour    |    24 |     7 ||    31
       Robe              |       |    13 ||    13
Dodge: Dodged            |    56 |    52 ||   108
